 Dungeon Crawl Stone Soup version 0.27.1 (webtiles) character file.

Game seed: 6817712967427725324

39 SeanNever the Chopper (level 3, -1/30 HPs)
             Began as a Minotaur Gladiator on Aug 26, 2021.
             Slain by a scorpion (4 damage)
             ... on level 4 of the Dungeon.
             The game lasted 00:09:19 (1108 turns).

SeanNever the Chopper (Minotaur Gladiator)          Turns: 1108, Time: 00:09:20

Health: -1/30      AC:  3    Str: 19    XL:     3   Next: 26%
Magic:  2/2        EV: 12    Int:  5    God:
Gold:   106        SH:  0    Dex: 11    Spells: 2/2 levels left

rFire    . . .     SeeInvis .   g - +0 whip
rCold    . . .     Faith    .   (no shield)
rNeg     . . .     Spirit   .   b - +0 leather armour
rPois    .         Reflect  .   c - +0 hat
rElec    .         Harm     .   (no cloak)
rCorr    .         Rampage  .   (no gloves)
Will     .....                  (no boots)
Stlth    +.........             (no amulet)
HPRegen  0.10/turn              (no ring)
MPRegen  0.08/turn              (no ring)

@: lethally poisoned (-1 -> -4)
A: horns 2, retaliatory headbutt
a: no special abilities


You were on level 4 of the Dungeon.
You visited 1 branch of the dungeon, and saw 4 of its levels.

You collected 106 gold pieces.

Inventory:

Hand Weapons
 a - a +0 war axe
 g - a +0 whip (weapon)
Missiles
 d - 3 throwing nets (quivered)
Armour
 b - a +0 leather armour (worn)
 c - a +0 hat (worn)
Wands
 h - a wand of flame (9)
Scrolls
 e - a scroll of vulnerability {unknown}
 f - 2 scrolls of enchant weapon {unknown}
Potions
 i - a potion of attraction {unknown}


   Skills:
 + Level 2.5 Fighting
 + Level 4.7(4.8) Axes
 + Level 0.9(3.1) Maces & Flails
 + Level 2.1 Throwing
 + Level 0.8 Armour
 + Level 3.4 Dodging


You had 2 spell levels left.
You didn't know any spells.
Your spell library contained the following spells:

 Spells                   Type           Power      Damage    Failure   Level
 Ignite Poison            Fire/Tmut/Pois 0%         N/A       88%         3
 Mephitic Cloud           Conj/Pois/Air  0%         N/A       88%         3
 Bolt of Magma            Conj/Fire/Erth 0%         4d4       100%        5


Dungeon Overview and Level Annotations

Branches:
Dungeon (4/15)
 Temple: D:4-7

Altars:
Qazlal


Innate Abilities, Weirdness & Mutations

You have a pair of horns on your head.
You reflexively headbutt those who attack you in melee.


Message History

Found 8 gold pieces.
Found a runed demon trident.
You now have 106 gold pieces (gained 8).
You see here a +1 demon trident of venom.
An adder and a skeleton come into view. 2 scorpions come into view.
The adder hisses angrily.
A dart slug comes into view.
The adder barely misses you.
The scorpion stings you but does no damage.
The scorpion misses you. The scorpion stings you!
The scorpion stings you but does no damage.
The scorpion stings you but does no damage.
The scorpion misses you.
You barely miss the scorpion. You headbutt the scorpion!
The scorpion is heavily wounded.
The scorpion stings you.
You closely miss the scorpion.
You headbutt the scorpion, but do no damage.
The scorpion is heavily wounded.
The scorpion stings you!
* * * LOW HITPOINT WARNING * * *
You barely miss the scorpion.
You headbutt the scorpion, but do no damage.
The scorpion is heavily wounded.
The scorpion barely misses you.
You hit the scorpion.
The scorpion is severely wounded.
The scorpion stings you.
* * * LOW HITPOINT WARNING * * *
You are lethally poisoned!
The scorpion poisons you!
* * * LOW HITPOINT WARNING * * *
You feel sick.
* * * LOW HITPOINT WARNING * * *
You feel sick.
* * * LOW HITPOINT WARNING * * *
You feel sick. The scorpion stings you.
You die...

#.# #.##..# #...#
#.####.##..# ##..#
###..........###w.##
.....###.##..)..s##
###..# #.#######Z#
###..###.#### #.#
............# #S#
###.#.##.##.# #s#
###.#.##.#### #@#
.....##### #.#
.##### #.. .## ####
#.# ..# ###


You could see 2 scorpions, an adder, a dart slug and an adder skeleton.

Vanquished Creatures
  2 adders
  An adder skeleton (D:4)
  A worm (D:3)
  2 bats
  2 giant cockroaches
  A goblin (D:3)
  A hobgoblin (D:4)
  3 kobolds
  2 ball pythons
  A rat (D:2)
16 creatures vanquished.

Notes
Turn   | Place    | Note
-------+----------+-------------------------------------------
     0 | D:1      | SeanNever the Minotaur Gladiator began the quest for the
                  | Orb.
     0 | D:1      | Reached XP level 1. HP: 18/18 MP: 0/0
   374 | D:2      | Reached skill level 4 in Axes
   374 | D:2      | Reached XP level 2. HP: 20/25 MP: 1/1
   794 | D:4      | Found a stormy altar of Qazlal.
   848 | D:4      | Reached XP level 3. HP: 28/30 MP: 2/2
  1095 | D:4      | Noticed a scorpion
  1095 | D:4      | Noticed a scorpion
  1108 | D:4      | Slain by a scorpion

Illustrated notes

Levels and vault maps discovered:
D:1:      dpeg_arrival_circle_labyrinth_a, layout_basic, minmay_tetromino_s2
D:2:      layout_rooms, hellmonk_ecumenical_altar_heavens_door,
          minmay_fractal_squares_gapless_5
D:3:      layout_basic, uniq_crazy_yiuf_cottage, uniq_grinder
D:4:      minmay_bubble_buster, layout_loops_ring, mainiacjoe_overflow_paths,
          minmay_bisected

Skill      XL: |  1 |
---------------+----+-----
Axes           | 4 |  4.7
Fighting       | |  2.5
Maces & Flails | |  0.9
Throwing       | |  2.1
Armour         | |  0.8
Dodging        | |  3.4

Action                   || total
-------------------------++-------
Melee: Whip              ||    47
       War axe           ||     4
       Headbutt          ||     9
Armor: Leather armour    ||    19
Dodge: Dodged            ||    49
